 Dungeon Crawl Stone Soup version 0.29.0-13-gc9e81de378 (webtiles) character file.

Game seed: 12393576493912500297

19039 sanka the Brawler (level 12, -2/95 HPs)
             Began as a Troll Monk on Sept 9, 2022.
             Was a High Priest of Okawaru.
             Slain by a harpy simulacrum (7 damage)
             ... in an ice cave.
             The game lasted 00:18:04 (10559 turns).

sanka the Brawler (Troll Monk)                     Turns: 10559, Time: 00:18:04

Health: -2/95      AC: 11    Str: 22    XL:     12   Next: 33%
Magic:  12/14      EV: 16    Int:  6    God:    Okawaru [*****.]
Gold:   376        SH:  0    Dex: 16    Spells: 11/11 levels left

rFire   + . .      SeeInvis .     - Unarmed
rCold   + . .      Faith    .   (no shield)
rNeg    . . .      Spirit   .   F - +0 steam dragon scales
rPois   .          Reflect  .   (helmet restricted)
rElec   .          Harm     .   E - +2 cloak of Bedevilment {Contam rF+ rC+}
rCorr   .          Rampage  .   (gloves unavailable)
Will    .....                   (boots unavailable)
Stlth   +++.......              n - amulet of the acrobat
HPRegen 1.05/turn               (no ring)
MPRegen 0.14/turn               (no ring)

@: heroic, slowed, very slow
A: large, unfitting armour, claws 3, regeneration 1, shaggy fur 1, tough skin 1,
frail 2, wild magic 1
a: Renounce Religion, Heroism, Finesse, Duel


You were in an ice cave.
You worshipped Okawaru.
Okawaru was extremely pleased with you.
You visited 2 branches of the dungeon, and saw 13 of its levels.
You also visited: Ice Cave.

You collected 675 gold pieces.
You spent 299 gold pieces at shops.


Innate Abilities, Weirdness & Mutations

You are too large for most types of armour.
You have claws for hands.
Your natural rate of healing is unusually fast.
You are covered in fur. (AC +1)
You have tough skin. (AC +1)
You are very frail. (-20% HP)
Your spells are a little harder to cast, but a little more powerful.


   Skills:
 + Level 8.1(13.1) Fighting
 + Level 8.1(13.1) Dodging
 - Level 1.0(6.0) Stealth
 * Level 15.2(20.2) Unarmed Combat
 + Level 5.1 Invocations


You had 11 spell levels left.
You didn't know any spells.
Your spell library contained the following spells:

 Spells                   Type           Power      Damage    Failure   Level
 Slow                     Hex            0%         N/A       54%         1
 Confusing Touch          Hex            0%         N/A       88%         3
 Vampiric Draining        Necr           0%         2d6       88%         3
 Fulminant Prism          Conj/Hex       0%         3d6       99%         4
 Iskenderun's Mystic Bla  Conj/Tloc      0%         2d3       99%         4
 Leda's Liquefaction      Hex/Erth       0%         N/A       99%         4
 Passage of Golubria      Tloc           0%         N/A       99%         4
 Fireball                 Conj/Fire      0%         3d3       100%        5
 Iskenderun's Battlesphe  Conj           0%         2d6       100%        5
 Lee's Rapid Deconstruct  Erth           0%         3d5*      100%        5
 Silence                  Hex/Air        0%         N/A       100%        5
 Yara's Violent Unravell  Hex/Tmut       0%         3d3       100%        5
 Conjure Ball Lightning   Conj/Air       0%         3x3d6     100%        6
 Statue Form              Tmut/Erth      0%         N/A       100%        6
 Enfeeble                 Hex            0%         N/A       100%        7
 Orb of Destruction       Conj           0%         9d5       100%        7
 Lehudib's Crystal Spear  Conj/Erth      0%         10d2      100%        8

Inventory:

Missiles
 a - 7 large rocks (quivered) {=f}
Armour
 E - the +2 cloak of Bedevilment (worn) {Contam rF+ rC+} rF: It protects you from fire. rC: It protects you from cold. Contam: It causes magical contamination when unequipped.
 F - +0 steam dragon scales (worn)
Magical Staves
 J - a staff of cold
Jewellery
 n - an amulet of the acrobat (around neck)
Wands
 q - a wand of polymorph (15)
 s - a wand of digging (3)
 y - a wand of mindburst (19)
 C - a wand of quicksilver (12)
 L - a wand of roots (5)
Scrolls
 f - 3 scrolls of immolation {!r}
 g - a scroll of vulnerability {unknown}
 l - 2 scrolls of amnesia {unknown}
 m - 4 scrolls of enchant armour
 o - 3 scrolls of poison {!r}
 r - 2 scrolls of noise {unknown}
 t - 4 scrolls of enchant weapon
 x - 4 scrolls of brand weapon
 z - a scroll of acquirement {unknown}
 A - 3 scrolls of teleportation {@r4}
 G - a scroll of butterflies {unknown}
 H - a scroll of magic mapping {unknown}
 I - 2 scrolls of fear {unknown}
 N - a scroll of blinking {unknown}
Potions
 b - a potion of brilliance {unknown}
 c - 2 potions of lignification {!q}
 d - a potion of flight
 e - a potion of invisibility
 h - 2 potions of heal wounds {@q2}
 i - 2 potions of resistance {unknown}
 j - a potion of attraction {!q}
 k - 3 potions of curing {unknown}
 p - 2 potions of mutation {!q}
 u - a potion of degeneration {unknown}
 v - 2 potions of might {unknown}
 B - a potion of cancellation {unknown}
 D - a potion of haste {unknown}
Miscellaneous
 K - a tin of tremorstones (2/2)

Dungeon Overview and Level Annotations

Branches:
Dungeon (12/15)            Temple (1/1) D:7            Lair (0/5) D:8
    Orc (0/2) D:9           IceCv (1/1)

Altars:
Ashenzari
Cheibriados
Dithmenos
Elyvilon
Fedhas
Gozag
Hepliaklqana
Kikubaaqudgha
Makhleb
Nemelex Xobeh
Okawaru
Qazlal
Ru
Sif Muna
Trog
Uskayaw
Vehumet
Wu Jian
Yredelemnul
Zin
The Shining One

Shops:
D:5 [   D:7 ::[=   D:8 [   D:10 =

Annotations:
D:8 exclusion: downstairs
D:9 exclusion: downstairs
Temple 2 transporters IceCv exclusion: ice statue

._.Z4. ▒..▒▒▒
▒▒....▒▒▒.. .Z4.Z
▒...▒▒ ▒▒........ Z.W4
▒▒...▒▒▒ ▒▒▒▒.....
.Z4▒▒ ▒▒▒...▒▒▒ ▒▒....
4..▒▒ ▒▒▒...▒▒▒ ▒▒...
...▒▒▒▒▒ ▒▒....▒▒▒
▒▒.▒ ▒▒▒...▒▒.▒▒
▒▒▒....▒▒ ▒▒▒
▒....▒▒ZWZ▒▒ ▒▒▒...▒▒
▒
▒..▒▒▒Z.▒T.▒▒▒▒▒▒▒▒..▒
▒▒
▒▒Z....▒▒▒.....▒▒▒..▒▒
▒. ▒▒.Z.▒▒
▒▒......).▒▒ ▒.
▒▒▒▒▒▒▒▒8.....)..▒ ▒▒
▒...........▒ ▒ .▒
▒[..........▒ ▒ ..▒▒▒
▒▒▒▒.......▒▒ ▒ .....
▒▒▒...▒▒▒ ▒▒ ...8Z ▒▒▒
▒▒..▒▒▒ ▒▒.


You could see a freezing wraith, a cane toad simulacrum and a harpy simulacrum.


Message History

The harpy simulacrum freezes you! You resist.
The harpy simulacrum closely misses you.
Use which ability? (? or * to list)
You gain the combat prowess of a mighty hero.
The harpy simulacrum claws you. The harpy simulacrum freezes you. You resist.
The harpy simulacrum completely misses you.
The harpy simulacrum claws you!
* * * LOW HITPOINT WARNING * * *
The harpy simulacrum freezes you. You resist.
* * * LOW HITPOINT WARNING * * *
The harpy simulacrum misses you.
Unknown command.
You completely miss the freezing wraith.
The freezing wraith hits you!
* * * LOW HITPOINT WARNING * * *
The freezing wraith freezes you! You resist.
* * * LOW HITPOINT WARNING * * *
The freezing wraith completely misses you.
The harpy simulacrum claws you!
* * * LOW HITPOINT WARNING * * *
The harpy simulacrum freezes you. You resist.
* * * LOW HITPOINT WARNING * * *
The harpy simulacrum claws you!
You die...

Action                   |  1- 3 |  4- 6 |  7- 9 | 10-12 || total
-------------------------+-------+-------+-------+-------++-------
Melee: Unarmed           |    79 |   130 |   250 |   377 ||   836
       Punch             |     2 |     3 |    14 |    43 ||    62
Throw: Large rock        |       |       |       |     7 ||     7
       Dart              |       |       |       |     1 ||     1
Invok: Heroism           |       |       |     1 |    17 ||    18
  Use: Potion            |       |       |     1 |     6 ||     7
       Scroll            |       |       |       |     6 ||     6
 Stab: Sleeping          |     4 |     1 |     5 |     1 ||    11
Armor: Robe              |    18 |    25 |    52 |       ||    95
       Skin              |       |       |     8 |    18 ||    26
       Steam dragon scal |       |       |     1 |    76 ||    77
Dodge: Dodged            |    42 |    54 |   173 |   206 ||   475

Levels and vault maps discovered:
D:1:      nicolae_arrival_memento_mori, layout_loops_cross,
          hellmonk_ecumenical_altar_heavens_door
D:2:      layout_rooms, serial_park_tiny_1
D:3:      layout_basic, kiku_gazebo_pond_becter, mainiacjoe_overflow_alcove_4,
          uniq_crazy_yiuf_cottage, uniq_natasha
D:4:      minmay_chambers_of_threes, layout_loops_ring
D:5:      dreamdust_elfheim, layout_loops_ring, mainiacjoe_overflow_alcove_2,
          serial_shops, nicolae_shop_stone
D:6:      layout_rooms, lightli_temple_of_fire, uniq_duvessa, uniq_eustachio,
          uniq_pikel
D:7:      layout_gridville, mainiacjoe_overflow_tiny_flanked, temple_green,
          serial_shops, nicolae_stop_n_shop_1, shop, nicolae_lakefront_shop,
          kennysheep_small_circle, uniq_prince_ribbit1, uniq_joseph
D:8:      nicolae_cairo_tiling, layout_basic, dancing_weapons_uskayaw,
          mainiacjoe_overflow_24_doors, lair_entry_dummy, serial_shops, shop,
          uniq_erica, uniq_maggie
D:9:      layout_loops_ring, orc_0_dummy
D:10:     layout_gridville, mainiacjoe_overflow_small_starburst, fedhas_altar_1,
          serial_shops, nicolae_shop_window_shopping, kennysheep_path_1
D:11:     layout_layer_cave
D:12:     layout_irregular_city, portal_ice_cave_rime, uniq_nergalle
Temple:   hellmonk_temple_divided_pantheon
IceCv:    ice_cave_small_necro

Notes
Turn   | Place    | Note
-------+----------+-------------------------------------------
     0 | D:1      | sanka the Troll Monk began the quest for the Orb.
     0 | D:1      | Reached XP level 1. HP: 22/22 MP: 0/0
   198 | D:1      | Reached XP level 2. HP: 29/29 MP: 1/1
   456 | D:1      | Reached skill level 4 in Unarmed Combat
   607 | D:1      | Found a faded altar of an unknown god.
   762 | D:2      | Reached XP level 3. HP: 35/36 MP: 2/2
  1123 | D:3      | Found an ancient bone altar of Kikubaaqudgha.
  1237 | D:3      | Reached skill level 5 in Unarmed Combat
  1237 | D:3      | Reached XP level 4. HP: 41/44 MP: 3/3
  1364 | D:3      | Noticed Natasha
  1370 | D:3      | Killed Natasha
  1378 | D:3      | Found a runed translucent door.
  1379 | D:3      | Noticed Crazy Yiuf
  1544 | D:3      | Found a broken altar of Ashenzari.
  1872 | D:3      | Noticed Natasha
  1877 | D:3      | Killed Natasha
  1878 | D:3      | Reached XP level 5. HP: 49/50 MP: 4/4
  1991 | D:3      | Killed Crazy Yiuf
  1992 | D:3      | Reached skill level 6 in Unarmed Combat
  2121 | D:3      | Found an ancient bone altar of Kikubaaqudgha.
  2478 | D:3      | Noticed Natasha
  2491 | D:3      | Killed Natasha
  2637 | D:4      | Reached XP level 6. HP: 59/59 MP: 5/5
  2648 | D:4      | Reached skill level 7 in Unarmed Combat
  3456 | D:5      | Entered Level 5 of the Dungeon
  3490 | D:5      | Reached skill level 8 in Unarmed Combat
  3494 | D:5      | Noticed an ice beast
  3520 | D:5      | Killed an ice beast
  3521 | D:5      | Reached XP level 7. HP: 33/66 MP: 6/6
  3655 | D:5      | Found an opulent altar of Gozag.
  3711 | D:5      | Found Oloawalu's Armour Shoppe.
  3796 | D:5      | Reached skill level 9 in Unarmed Combat
  4256 | D:6      | Reached XP level 8. HP: 74/74 MP: 7/7
  4260 | D:6      | Noticed Dowan
  4263 | D:6      | Noticed Duvessa
  4314 | D:6      | Killed Duvessa
  4315 | D:6      | Reached skill level 10 in Unarmed Combat
  4319 | D:6      | Killed Dowan
  4357 | D:6      | Noticed Pikel
  4390 | D:6      | Killed Pikel
  4391 | D:6      | Reached skill level 3 in Fighting
  4391 | D:6      | Reached skill level 3 in Dodging
  4457 | D:6      | Reached skill level 4 in Fighting
  4457 | D:6      | Reached skill level 4 in Dodging
  4537 | D:6      | Reached XP level 9. HP: 84/84 MP: 8/8
  4557 | D:6      | Noticed Eustachio
  4578 | D:6      | Killed Eustachio
  4809 | D:6      | Found a bloodstained altar of Trog.
  4869 | D:6      | Reached skill level 11 in Unarmed Combat
  4904 | D:7      | Found Zasaza's Book Shoppe.
  5088 | D:7      | Found the +7 staff of the Meek {protect, meekguard}
  5223 | D:7      | Found a staircase to the Ecumenical Temple.
  5232 | Temple   | Entered the Ecumenical Temple
  5232 | Temple   | Found a transporter.
  5232 | Temple   | Found a transporter.
  5234 | Temple   | Found a transporter.
  5234 | Temple   | Found a transporter.
  5253 | Temple   | Became a worshipper of Warmaster Okawaru
  5253 | Temple   | Reached * piety under Okawaru
  5253 | Temple   | Reached ** piety under Okawaru
  5302 | D:7      | Found Covazes's Book Shoppe.
  5308 | D:7      | Reached skill level 1 in Invocations
  5481 | D:7      | Found a glowing golden altar of the Shining One.
  5498 | D:7      | Noticed Joseph
  5500 | D:7      | Found Quvy's Jewellery Boutique.
  5510 | D:7      | HP: 8/87 [something (11)]
  5525 | D:7      | HP: 5/87 [something (4)]
  5602 | D:7      | Killed Joseph
  5603 | D:7      | Reached skill level 3 in Invocations
  5662 | D:7      | Noticed Prince Ribbit
  5677 | D:7      | Killed Prince Ribbit
  5678 | D:7      | Reached skill level 4 in Invocations
  5813 | D:7      | Reached skill level 5 in Fighting
  5826 | D:7      | Found Buvou's Armour Boutique.
  5866 | D:7      | Bought the +2 cloak of Bedevilment {Contam rF+ rC+} for 299
                  | gold pieces
  5972 | D:8      | Reached skill level 5 in Dodging
  6103 | D:8      | Found a hide-covered altar of Uskayaw.
  6109 | D:8      | Identified +0 steam dragon scales
  6109 | D:8      | Noticed Maggie
  6115 | D:8      | Killed Maggie
  6183 | D:8      | Found a staircase to the Lair.
  6192 | D:8      | Reached XP level 10. HP: 85/96 MP: 12/12
  6218 | D:8      | Found Xibif's Armour Boutique.
  6294 | D:8      | Noticed Erica
  6310 | D:8      | Killed Erica
  6310 | D:8      | Reached *** piety under Okawaru
  6546 | D:8      | Noticed a +0 dagger
  6546 | D:8      | Noticed a +0 dagger
  6575 | D:8      | Reached skill level 12 in Unarmed Combat
  6578 | D:8      | Found a stormy altar of Qazlal.
  6685 | D:9      | Noticed a manticore
  6706 | D:9      | Killed a manticore
  6757 | D:9      | Noticed a cyclops
  6772 | D:9      | Killed a cyclops
  6863 | D:9      | Reached skill level 6 in Fighting
  6863 | D:9      | Reached skill level 6 in Dodging
  7015 | D:9      | Reached **** piety under Okawaru
  7024 | D:9      | Found a staircase to the Orcish Mines.
  7179 | D:9      | Noticed a two-headed ogre
  7184 | D:9      | Killed a two-headed ogre
  7185 | D:9      | Reached skill level 13 in Unarmed Combat
  7263 | D:9      | Reached XP level 11. HP: 104/107 MP: 11/13
  7542 | D:10     | Entered Level 10 of the Dungeon
  7670 | D:10     | Reached ***** piety under Okawaru
  7885 | D:10     | Paralysed by a hornet for 2 turns
  7890 | D:10     | HP: 16/160 [poisoned by a hornet]
  7890 | D:10     | HP: 5/160 [hornet (11)]
  7892 | D:10     | Gained mutation: You are frail. (-10% HP) [potion of
                  | mutation]
  7892 | D:10     | Gained mutation: You are very frail. (-20% HP) [potion of
                  | mutation]
  7892 | D:10     | Gained mutation: Your spells are a little harder to cast,
                  | but a little more powerful. [potion of mutation]
  7894 | D:10     | Paralysed by a hornet for 3 turns
  8001 | D:10     | Found Boyr's Jewellery Shop.
  8037 | D:10     | Noticed a two-headed ogre
  8045 | D:10     | Killed a two-headed ogre
  8149 | D:10     | Found a sacrificial altar of Ru.
  8162 | D:10     | Found a blossoming altar of Fedhas.
  8230 | D:10     | Identified the +1 robe "Efrewale" {Drain rPois rCorr Str+5}
                  | (Okawaru gifted it to you on level 10 of the Dungeon)
  8230 | D:10     | Received a gift from Okawaru
  8284 | D:10     | Noticed a two-headed ogre
  8288 | D:10     | Killed a two-headed ogre
  8289 | D:10     | Reached skill level 7 in Fighting
  8289 | D:10     | Reached skill level 7 in Dodging
  8629 | D:11     | Reached skill level 14 in Unarmed Combat
  8744 | D:11     | Noticed a two-headed ogre
  8751 | D:11     | Killed a two-headed ogre
  8927 | D:11     | Identified the +3 scale mail of Inevitability {Int+4
                  | Stlth+}
  9234 | D:11     | Noticed a boulder beetle
  9246 | D:11     | Killed a boulder beetle
  9650 | D:12     | Found a frozen archway.
  9723 | IceCv    | Entered an ice cave
  9792 | IceCv    | Reached XP level 12. HP: 94/95 MP: 11/14
 10156 | IceCv    | Identified a scarf of resistance
 10244 | IceCv    | Reached skill level 15 in Unarmed Combat
 10425 | IceCv    | Reached skill level 8 in Fighting
 10425 | IceCv    | Reached skill level 8 in Dodging
 10425 | IceCv    | Reached skill level 5 in Invocations
 10442 | IceCv    | Found an ancient bone altar of Kikubaaqudgha.
 10522 | IceCv    | Received a gift from Okawaru
 10559 | IceCv    | HP: 5/95 [harpy simulacrum (5)]
 10559 | IceCv    | Slain by a harpy simulacrum

Vanquished Creatures
  A boulder beetle (D:11)
  Erica (D:8)
  4 two-headed ogres
  Pikel (D:6)
  A necromancer (IceCv)
  An ugly thing (IceCv)
  2 cyclopes
  A manticore (D:9)
  Joseph (D:7)
  Maggie (D:8)
  2 rime drakes (D:12)
  A freezing wraith (IceCv)
  A kobold demonologist (D:11)
  8 ice devils (IceCv)
  A troll (D:11)
  4 hornets
  Prince Ribbit (D:7)
  A jumping spider (shapeshifter) (D:12)
  A shadow (D:10)
  20 yaks
  A vampire (D:11)
  3 wyverns
  A dire elephant simulacrum (IceCv)
  Eustachio (D:6)
  A death yak simulacrum (IceCv)
  3 harpy simulacra (IceCv)
  4 water moccasins
  Duvessa (D:6)
  4 orc warriors
  2 ice beasts
  An ogre (D:6)
  A centaur (D:6)
  A lemure (D:6)
  2 kobold brigands
  A phantom (D:5)
  7 bullfrogs
  A necrophage (D:6)
  A gnoll sergeant (D:9)
  2 two-headed ogre simulacra (IceCv)
  4 cane toad simulacra (IceCv)
  A scorpion (D:5)
  Dowan (D:6)
  An elephant simulacrum (IceCv)
  2 howler monkeys
  A jelly (D:6)
  2 hounds (D:5)
  6 orc priests
  2 gnoll boudas
  Crazy Yiuf (D:3)
  3 iguanas
  Natasha (thrice) (D:3)
  12 orc wizards
  A troll simulacrum (IceCv)
  A spriggan simulacrum (IceCv)
  3 polar bear simulacra (IceCv)
  3 wolf simulacra (IceCv)
  12 gnolls
  9 adders
  2 shadow imps (D:5)
  2 white imps
  3 ufetubi
  A worm (D:2)
  4 dart slugs
  41 orcs
  9 ball pythons
  3 bats
  9 endoplasms
  2 giant cockroaches
  A goblin (D:3)
  6 hobgoblins
  4 jackals (D:5)
  2 quokkas
  3 frilled lizards
  14 kobolds
  3 rats
269 creatures vanquished.
